Map: Ulrena

Players

Robin - Winner!

  • Race: Terran Terran
  • League: Bronze

Gracz

  • Race: Terran Terran
  • League: Bronze

VOD

Have the link to the VOD?

Description

Time

  • Played on: May 8, 2016, 4:53 a.m.
  • Length: 8:54
Show
View Real Time Build Order
Export as new Build Order

Robin Terran - Winner!

Build Orders:  

Get SALT Encoding   

  12  0:02  SCV  
  13  0:18  Supply Depot  
  13  0:21  SCV  
  14  0:34  SCV  
  15  0:46  Barracks  
  15  0:51  SCV  
  16  1:01  Barracks  
  16  1:06  SCV  
  17  1:15  Supply Depot  
  17  1:22  SCV  
  18  1:34  SCV  
  18  1:35  Marine  
  20  1:40  Barracks  
  20  1:46  SCV  
  21  1:54  Supply Depot  
  21  2:08  Marine x2  
  21  2:14  Barracks  
  23  2:26  Marine x2  
  25  2:30  Marine  
  25  2:31  Supply Depot  
  26  2:38  Barracks  
  26  2:48  Marine x3  
  29  3:06  Marine x2  
  29  3:07  Marine x2  
  29  3:08  Supply Depot  
  33  3:19  Barracks  
  33  3:23  Marine  
  33  3:25  Marine x2  
  33  3:26  Marine x2  
  38  4:04  Command Center  
  11  6:46  Marine x3  
  14  6:56  SCV  
  15  7:08  SCV  
  16  7:20  SCV  
  17  7:32  SCV  
  18  7:44  SCV  
  18  7:51  Marine x3  
  22  8:30  SCV  
  23  8:34  Refinery  
Show
View Real Time Build Order
Export as new Build Order

Gracz Terran 

Build Orders:  

Get SALT Encoding   

  12  0:02  SCV  
  13  0:14  SCV  
  13  0:19  Supply Depot  
  14  0:33  Refinery, SCV  
  15  0:45  SCV  
  16  0:57  SCV  
  17  1:07  Barracks  
  17  1:12  Barracks  
  17  1:49  SCV  
  18  1:55  Refinery  
  18  2:01  SCV  
  19  2:03  Barracks Reactor x2  
  19  2:22  Orbital Command  
  19  2:41  Reaper x3  
  19  2:42  Reaper  
  23  3:27  Supply Depot  
  24  3:48  Reaper  
Tags
 
Add a new tag
Caveats
  • Supply blocks, unpowered buildings, or Contaminate may cause inaccurate times.
  • Supply counts are checked every 10 seconds.